 Dungeon Crawl Stone Soup version 0.31.0-11-ge490571c62 (webtiles) character file.

Game seed: 13700412199172752901

72 qw the Shooter (level 4, -5/22 HPs)
             Began as a Spriggan Hunter on Feb 4, 2024.
             Slain by Terence
             ... wielding a +0 flail
              (7 damage)
             ... on level 3 of the Dungeon.
             The game lasted 00:00:04 (1340 turns).

qw the Shooter (Spriggan Hunter)                    Turns: 1340, Time: 00:00:05

Health: -5/22      AC:  4    Str:  7    XL:     4   Next: 6%
Magic:  5/5        EV: 19    Int: 10    God:
Gold:   65         SH:  0    Dex: 20    Spells: 3/3 levels left

rFire   + . .        a - +0 shortbow
rCold   + . .        (shield currently unavailable)
rNeg    . . .        f - +2 robe {rC+}
rPois   .            (helmet restricted)
rElec   .            (no cloak)
rCorr   .            (gloves unavailable)
SInv    +            (boots unavailable)
Will    .....        (no amulet)
Stlth   ++           d - ring of protection from fire
HPRegen 0.23/turn    (no ring)
MPRegen 0.09/turn

%: no passive effects
@: about to teleport, very quick
A: very small, no large weapons, unfitting armour, see invisible, speed 3
a: no special abilities


You were on level 3 of the Dungeon.
You visited 1 branch of the dungeon, and saw 3 of its levels.

You collected 65 gold pieces.


Innate Abilities, Weirdness & Mutations

You are very small and have problems with some larger weapons.
You are too small for most types of armour.
You have supernaturally acute eyesight. (SInv)
You cover ground extremely quickly. (Speed+++)


   Skills:
 - Level 1.5 Fighting
 - Level 5.1 Ranged Weapons
 + Level 4.1 Dodging
 - Level 1.5 Stealth


You had 3 spell levels left.
You didn't know any spells.
Your spell library was empty.

Inventory:

Hand Weapons
 a - a +0 shortbow (weapon)
Armour
 f - a +2 robe of cold resistance (worn)
Jewellery
 d - a ring of protection from fire (left hand)
Potions
 g - 3 potions of curing

Dungeon Overview and Level Annotations

Branches:
Dungeon (3/15)

Altars:

Annotations:
D:3 Terence


Message History

The jackal barks!
The arrow hits the jackal.
The jackal is heavily wounded.
The jackal closely misses you. The jackal misses you.
You shoot an arrow. The arrow hits the jackal!
You kill the jackal!
You shoot an arrow.
The arrow hits the hobgoblin but does no damage.
The hobgoblin hits you but does no damage.
You shoot an arrow. The arrow barely misses the hobgoblin.
The hobgoblin barely misses you.
You shoot an arrow. The arrow closely misses the hobgoblin.
The hobgoblin closely misses you.
You shoot an arrow.
Terence shouts!
The arrow hits the hobgoblin.
The hobgoblin is moderately wounded.
The hobgoblin hits you. x2
You shoot an arrow. The arrow barely misses the hobgoblin.
The hobgoblin closely misses you.
You shoot an arrow. The arrow hits the hobgoblin.
The hobgoblin is heavily wounded.
The hobgoblin misses you.
You shoot an arrow. The arrow hits Terence.
Terence is almost dead.
The hobgoblin hits you but does no damage.
Terence closely misses you.
You shoot an arrow.
The arrow hits Terence but does no damage.
Terence is almost dead.
The hobgoblin hits you. Terence hits you with a +0 flail!
1339 ||| READING scroll of teleportation.
As you read the scroll of teleportation, it crumbles to dust.
You feel strangely unstable.
The hobgoblin hits you but does no damage.
Terence closely misses you.
You shoot an arrow. The arrow barely misses Terence.
The hobgoblin closely misses you. Terence hits you with a +0 flail!
You die...
Terence says, "That felt goooood."

[.# #.#
#.# ...
#.#
##.####.#
#..grh..#
#)@# #.@#
(.......#
#..####.#
# #.# ..#
... ###
#.# ..
#.#


You could see Terence, a quokka, a jackal and a hobgoblin.

Vanquished Creatures
  A hound (D:2)
  A ribbon worm (D:2)
  6 endoplasms
  2 giant cockroaches
  2 goblins
  5 hobgoblins
  A jackal (D:3)
  2 quokkas
  6 ball pythons
  5 bats
  A frilled lizard (D:2)
  2 kobolds
  3 rats
37 creatures vanquished.

Notes
Turn   | Place    | Note
-------+----------+-------------------------------------------
     0 | D:1      | qw the Spriggan Hunter began the quest for the Orb.
     0 | D:1      | Reached XP level 1. HP: 10/10 MP: 2/2
     0 | D:1      | 0 ||| qw: Version: 0.3-a-160-g6735b56
     0 | D:1      | 0 ||| qw: Game counter: 4534
     0 | D:1      | 0 ||| qw: Melee chars always use a shield: true
     0 | D:1      | 0 ||| qw: God list: Okawaru
     0 | D:1      | 0 ||| qw: Allow faded altars: false
     0 | D:1      | 0 ||| qw: Do Orc after clearing Dungeon:15 true
     0 | D:1      | 0 ||| qw: Do second Lair branch before Depths: true
     0 | D:1      | 0 ||| qw: Lair rune preference: random
     0 | D:1      | 0 ||| qw: Goals: Normal
     0 | D:1      | 0 ||| PLANNING D:1-11
    43 | D:1      | Reached skill level 3 in Dodging
   322 | D:1      | Reached XP level 2. HP: 14/14 MP: 3/3
   660 | D:1      | 660 ||| UPGRADING to +2 robe of cold resistance.
   670 | D:1      | 670 ||| DROPPING +0 robe.
   671 | D:1      | 671 ||| UPGRADING to ring of protection from fire.
   672 | D:1      | 672 ||| READING scroll labelled USIJIE BANUWO.
   672 | D:1      | 672 ||| IDENTIFYING fizzy black potion
   673 | D:1      | 673 ||| READING scroll labelled XIZXORUQE.
   774 | D:1      | 774 ||| READING 3 scrolls labelled ERIUGR CERCHOD.
   777 | D:1      | 777 ||| DROPPING scroll of butterflies.
   961 | D:2      | Reached XP level 3. HP: 18/18 MP: 4/4
  1178 | D:2      | Reached skill level 5 in Ranged Weapons
  1252 | D:2      | 1252 ||| READING scroll of identify.
  1252 | D:2      | 1252 ||| IDENTIFYING red potion
  1253 | D:2      | 1253 ||| READING scroll labelled BUNUFA ISH.
  1254 | D:2      | 1254 ||| READING scroll labelled ETATIM ZUCSI.
  1255 | D:2      | 1255 ||| READING scroll labelled ETHIOJEKUJ.
  1271 | D:3      | Reached XP level 4. HP: 19/22 MP: 5/5
  1300 | D:3      | Noticed Terence
  1321 | D:3      | HP: 5/22 [Terence/+0 flail (4)]
  1322 | D:3      | 1322 ||| READING 2 scrolls of teleportation.
  1323 | D:3      | 1323 ||| DRINKING potion of heal wounds.
  1338 | D:3      | HP: 1/22 [Terence/+0 flail (10)]
  1339 | D:3      | 1339 ||| READING scroll of teleportation.
  1340 | D:3      | Slain by Terence

Levels and vault maps discovered:
D:1:      dpeg_arrival_line_fractal, layout_basic
D:2:      layout_rooms
D:3:      layout_loops_ring, dreamdust_ecumenical_altar_grove,
          minmay_misc_feat_cross, uniq_terence

Skill      XL: |  1  2  3 |
---------------+----------+-----
Dodging        | 3 4 |  4.1
Ranged Weapons | 5 |  5.1
Fighting       | |  1.5
Stealth        | |  1.5

Action                     |  1- 3 |  4- 6 || total
---------------------------+-------+-------++-------
   Fire: Shortbow          |    85 |    37 ||   122
    Use: Scroll            |     7 |     2 ||     9
         Potion            |       |     1 ||     1
 Armour: Robe              |     4 |    13 ||    17
  Dodge: Dodged            |    21 |    25 ||    46

Table legend:
 A = Non-vault XP
 B = Vault XP
 C = Vault XP percentage of total XP
 D = Non-vault monster count
 E = Vault monster count
 F = Vault count percentage of total count
                 A         B        C        D         E       F
            +---------+---------+-------+---------+---------+-------
      Total |     103 |       0 |   0.0 |      37 |       0 |   0.0
            +---------+---------+-------+---------+---------+-------
        D:1 |      27 |       0 |   0.0 |      18 |       0 |   0.0
        D:2 |      68 |       0 |   0.0 |      15 |       0 |   0.0
        D:3 |       8 |       0 |   0.0 |       4 |       0 |   0.0
            +---------+---------+-------+---------+---------+-------
